 Dungeon Crawl Stone Soup version 0.23-a0-143-g1adec7bb76 (webtiles) character file.

264 Napalmbreeze the Caller (level 5, -4/28 HPs)
             Began as a Deep Elf Summoner on Sept 2, 2018.
             Slain by a gnoll
             ... wielding a +0 spear
              (9 damage)
             ... on level 4 of the Dungeon.
             The game lasted 00:14:08 (5214 turns).

Napalmbreeze the Caller (Deep Elf Summoner)         Turns: 5214, Time: 00:14:09

Health: -4/28      AC:  2    Str:  5    XL:     5   Next: 98%
Magic:  5/14       EV: 13    Int: 21    God:
Gold:   118        SH:  0    Dex: 19    Spells: 4/14 levels left

rFire    . . .     SeeInvis .   y - +3 spear "Qeonk" {venom, Dex+4} (curse)
rCold    . . .     Gourm    .   (no shield)
rNeg     . . .     Faith    .   a - +0 robe
rPois    .         Spirit   .   (no helmet)
rElec    .         Reflect  .   (no cloak)
rCorr    .         Harm     .   (no gloves)
MR       .....                  (no boots)
Stlth    ++........             (no amulet)
HPRegen  0.09/turn              (no ring)
MPRegen  0.14/turn              (no ring)

@: no status effects
A: no striking features
a: no special abilities


You were on level 4 of the Dungeon.
You were not hungry.

You visited 1 branch of the dungeon, and saw 4 of its levels.

You collected 118 gold pieces.

Inventory:

Hand Weapons
 u - a +8 club
 w - a +4 trident
 y - the cursed +3 spear "Qeonk" (weapon) {venom, Dex+4}
   (You found it on level 4 of the Dungeon)

   It poisons the flesh of those it strikes.
   It affects your dexterity (+4).
   It has a curse placed upon it.
Armour
 a - a +0 robe (worn)
Jewellery
 f - an uncursed amulet of the gourmand {unknown}
 j - an uncursed amulet of harm {unknown}
Wands
 n - a wand of flame (12)
Scrolls
 d - 2 scrolls of fear {unknown}
 g - 2 scrolls of teleportation {unknown}
 h - 2 scrolls of fog {unknown}
 i - 3 scrolls of identify {unknown}
 k - a scroll of magic mapping {unknown}
 m - a scroll of amnesia {unknown}
 o - 2 scrolls of remove curse {unknown}
 r - a scroll of immolation {unknown}
 t - a scroll of random uselessness {unknown}
 v - a scroll of enchant armour {unknown}
Potions
 b - a potion of haste {unknown}
 e - a potion of might {unknown}
 l - a potion of resistance {unknown}
 p - 2 potions of mutation {unknown}
 s - a potion of curing {unknown}
 x - a potion of cancellation {unknown}
Comestibles
 c - 5 rations
 q - 2 chunks of flesh


   Skills:
 - Level 2.4 Dodging
 - Level 2.4 Stealth
 + Level 5.2 Spellcasting
 * Level 6.8 Summonings
 + Level 1.6 Ice Magic


You had 4 spell levels left.
You knew the following spells:

 Your Spells              Type           Power        Failure   Level  Hunger
a - Summon Small Mammal   Summ           ####         1%          1    None
d - Call Canine Familiar  Summ           ####....     1%          3    ##.....
e - Summon Ice Beast      Ice/Summ       ###.....     19%         4    ####...
s - Call Imp              Summ           ####....     1%          2    None

Your spell library contained the following spells:

 Spells                   Type           Power        Failure   Level  Hunger
 Summon Guardian Golem    Hex/Summ       ###.....     8%          3    ##.....
 Summon Lightning Spire   Summ/Air       ###.....     26%         4    ####...


Dungeon Overview and Level Annotations

Branches:
Dungeon (4/15)
 Temple: D:4-7

Altars:


Message History

Your crimson imp hits the gnoll but does no damage.
Your quokka barely misses the gnoll.
The gnoll misses you.
Your quokka bites the gnoll but does no damage.
Your shadow imp hits the gnoll.
Casting: Summon Small Mammal (safe; 1% risk of failure)
Confirm with . or Enter, or press ? or * to list all spells.
The gnoll hits you from afar with a spear!
* * * LOW HITPOINT WARNING * * *
Your crimson imp blinks!
The gnoll hits you from afar with a spear.
* * * LOW HITPOINT WARNING * * *
A gnoll comes into view. It is wielding a halberd.
Your quokka bites the gnoll.
Your shadow imp closely misses the gnoll.
The gnoll hits your quokka with a spear.
Your quokka dies!
Your quokka's corpse disappears in a puff of smoke!
The gnoll hits you from afar with a spear!
You die...

#....# #...###.## #..#.#
#.<....... .....#
#...###.## #.##.# #...#
#.# #.##5# #.)r# #.#
#.##.# #[..# #.#
#.##.#####...###.# .#
..........^.....5# #.#
..##.##########.@# #.#
.....##########5.###.#####
..............g§>.....%...
<###.##.....g§g.h....####
..gg..g....g###..###.##
####.###)##.###..#.g..#
##....................+
.#..........###..#....#
.#...........##..#....#


You could see a gnoll shaman, 3 gnolls, a friendly hound, a friendly crimson imp
and a friendly shadow imp.

Vanquished Creatures
  A bat (D:1)
1 creature vanquished.

Vanquished Creatures (collateral kills)
  An ogre (D:4)
  A hound (D:2)
  3 orc wizards
  Jessica (D:3)
  Ijyb (D:3)
  7 gnolls
  5 adders
  A worm (D:3)
  2 dart slugs
  2 leopard geckos
  22 orcs
  11 bats
  A giant cockroach (D:3)
  11 goblins
  5 hobgoblins
  12 jackals
  3 quokkas
  3 ball pythons
  3 frilled lizards
  7 kobolds
  A quokka skeleton (D:4)
  9 rats
112 creatures vanquished.

Grand Total: 113 creatures vanquished

Notes
Turn   | Place    | Note
-------+----------+-------------------------------------------
     0 | D:1      | Napalmbreeze the Deep Elf Summoner began the quest for the
                  | Orb.
     0 | D:1      | Reached XP level 1. HP: 10/10 MP: 6/6
   837 | D:1      | Reached XP level 2. HP: 7/15 MP: 6/8
   989 | D:1      | Learned a level 2 spell: Call Imp
  1709 | D:2      | Reached skill level 5 in Summonings
  1948 | D:2      | Reached XP level 3. HP: 19/19 MP: 5/10
  2146 | D:2      | Learned a level 3 spell: Call Canine Familiar
  2613 | D:2      | Reached XP level 4. HP: 15/24 MP: 4/12
  2881 | D:3      | Noticed Ijyb
  2897 | D:3      | Killed Ijyb
  3316 | D:3      | Reached skill level 6 in Summonings
  3536 | D:3      | Learned a level 4 spell: Summon Ice Beast
  3665 | D:3      | Reached XP level 5. HP: 21/28 MP: 9/14
  4056 | D:3      | Noticed Jessica
  4069 | D:3      | Killed Jessica
  4365 | D:4      | Reached skill level 1 in Ice Magic
  4619 | D:4      | Reached skill level 5 in Spellcasting
  4993 | D:4      | Noticed an ogre
  5000 | D:4      | Killed an ogre
  5058 | D:4      | Got a dazzling spear
  5059 | D:4      | Identified the cursed +3 spear "Qeonk" {venom, Dex+4} (You
                  | found it on level 4 of the Dungeon)
  5214 | D:4      | Slain by a gnoll

Vault maps used:
D:1:      saegor_arrival_miasma, serial_bayou_pond_d
D:2:      first_ration
D:3:      kennysheep_the_goblin_king, hangedman_abyss_or_decor_lesser_grid,
          uniq_jessica
D:4:      serial_shops, nicolae_shop_trees

Skill      XL: |  1  2  3  4  5 |
---------------+----------------+-----
Summonings     | 5 6 |  6.8
Spellcasting   | 4 5 |  5.2
Ice Magic      | 1 |  1.6
Dodging        | |  2.4
Stealth        | |  2.4

Action                   |  1- 3 |  4- 6 || total
-------------------------+-------+-------++-------
Melee: Unarmed           |    14 |     3 ||    17
 Cast: Summon Small Mamm |    38 |    43 ||    81
       Call Imp          |    22 |    42 ||    64
       Call Canine Famil |     4 |    16 ||    20
       Summon Ice Beast  |       |     3 ||     3
 Stab: Sleeping          |     1 |       ||     1
  Eat: Chunk             |     6 |     9 ||    15
Armor: Robe              |    17 |     3 ||    20
Dodge: Dodged            |    65 |    29 ||    94

Table legend:
 A = Non-vault XP
 B = Vault XP
 C = Vault XP percentage of total XP
 D = Non-vault monster count
 E = Vault monster count
 F = Vault count percentage of total count
                 A         B        C        D         E       F
            +---------+---------+-------+---------+---------+-------
      Total |     335 |      43 |  11.4 |     105 |       8 |   7.1
            +---------+---------+-------+---------+---------+-------
        D:1 |      24 |       0 |   0.0 |      17 |       0 |   0.0
        D:2 |      80 |       0 |   0.0 |      28 |       0 |   0.0
        D:3 |      98 |      43 |  30.5 |      41 |       8 |  16.3
        D:4 |     133 |       0 |   0.0 |      19 |       0 |   0.0
            +---------+---------+-------+---------+---------+-------
